 Dungeon Crawl Stone Soup version 0.29.1-1-gd02db6906a (webtiles) character file.

Game seed: 5645665179630914466

585 LabCoat the Chopper (level 7, 0/91 HPs)
             Began as a Hill Orc Fighter on Sept 25, 2022.
             Splashed by a jelly's acid (2 damage)
             ... on level 5 of the Dungeon.
             The game lasted 00:10:59 (3751 turns).

LabCoat the Chopper (Hill Orc Fighter)              Turns: 3751, Time: 00:11:00

Health: 0/91       AC: 23    Str: 27    XL:     7   Next: 37%
Magic:  7/7        EV:  2    Int:  8    God:
Gold:   216        SH:  5    Dex: 12    Spells: 6/6 levels left

rFire   . . .      SeeInvis +   a - +1 war axe
rCold   . . .      Faith    .   c - +0 buckler
rNeg    . . .      Spirit   .   (body armour currently unavailable)
rPois   +          Reflect  .   (helmet currently unavailable)
rElec   .          Harm     .   (cloak currently unavailable)
rCorr   +          Rampage  .   (gloves currently unavailable)
Will    .....      NoTele   +   (boots currently unavailable)
Stlth   +.........              e - amulet of Gusid {RegenMP rCorr Str+6 Dex-4 SInv}
HPRegen 0.25/turn               f - +4 ring of evasion
MPRegen 0.50/turn               n - +6 ring of dexterity

@: tree-form, hasted, very quick
A: stationary, stasis, torment immunity, boosted hp, deterioration 1,
(electricity resistance), inability to drink after injury 1
a: no special abilities


You were on level 5 of the Dungeon.
You were a tree.
You visited 1 branch of the dungeon, and saw 5 of its levels.

You collected 216 gold pieces.

Inventory:

Hand Weapons
 a - a +1 war axe (weapon)
 d - a +1 hammer of protection
 j - a +0 broad axe
Missiles
 g - 12 boomerangs (quivered)
 i - 5 javelins
 m - 6 poisoned darts
 p - 6 curare-tipped darts
Armour
 c - a +0 buckler (worn)
 h - a +2 cloak (melded)
 s - a +0 chain mail (melded)
Jewellery
 e - the amulet of Gusid (around neck) {RegenMP rCorr Str+6 Dex-4 SInv}
   (You found it on level 2 of the Dungeon)

   [amulet of magic regeneration]

   It increases your rate of magic regeneration.
   Str:       It affects your strength (+6).
   Dex:       It affects your dexterity (-4).
   SInv:      It lets you see invisible.
   rCorr:     It protects you from acid and corrosion.
 f - a +4 ring of evasion (left branch)
 n - a +6 ring of dexterity (right branch)
Scrolls
 b - 2 scrolls of identify
 q - 2 scrolls of enchant armour
Potions
 k - a potion of lignification
 l - a potion of flight
 t - a potion of heal wounds {unknown}


   Skills:
 + Level 5.0 Fighting
 * Level 5.9 Axes
 + Level 2.3 Throwing
 + Level 4.4 Armour
 + Level 4.6 Shields
 + Level 2.4 Evocations


You had 6 spell levels left.
You didn't know any spells.
Your spell library contained the following spells:

 Spells                   Type           Power      Damage    Failure   Level
 Conjure Flame            Conj/Fire      0%         6-21      86%         3
 Ignite Poison            Fire/Tmut/Pois 0%         N/A       86%         3
 Sticky Flame             Conj/Fire      0%         2d3       99%         4


Dungeon Overview and Level Annotations

Branches:
Dungeon (5/15)
 Temple: D:4-7

Altars:
Dithmenos
Kikubaaqudgha
Yredelemnul

Shops:
D:4 ?


Innate Abilities, Weirdness & Mutations

You are a tree.
Your roots penetrate the ground, keeping you stationary.
You cannot be teleported.
You are immune to unholy pain and torment.
Your maximum health is greatly increased.
Your equipment is partially melded.
Your body sometimes deteriorates upon taking damage.
((You are resistant to electric shocks. (rElec)))
You occasionally lose the ability to drink potions when taking damage.


Message History

The howler monkey is almost dead.
A jelly comes into view.
The howler monkey hits you but does no damage. x2
You barely miss the howler monkey.
The howler monkey is almost dead.
The howler monkey hits you but does no damage.
Unknown command.
You barely miss the adder. You slash the howler monkey!
You kill the howler monkey!
You block the adder's attack.
A jelly comes into view.
The jelly quivers.
You hit the adder.
The adder is heavily wounded.
You hit the jelly.
Your branches burn!
* * * LOW HITPOINT WARNING * * *
You block the adder's attack. The jelly hits you but does no damage.
The adder bites you but does no damage.
You hit the adder but do no damage.
The adder is heavily wounded.
You slash the jelly!
Your branches burn!
* * * LOW HITPOINT WARNING * * *
The adder barely misses you. The jelly hits you but does no damage.
You block the adder's attack. The jelly hits you.
* * * LOW HITPOINT WARNING * * *
You are splashed with acid.
You resist.
* * * LOW HITPOINT WARNING * * *
It was a potion of mutation.
You feel extremely strange.
You feel insulated.
You occasionally lose the ability to drink potions when taking damage.
You feel yourself wasting away. The adder bites you but does no damage.
The jelly hits you but does no damage.
Okay, then.
It was a potion of haste.
You feel yourself speed up. The adder bites you but does no damage.
The jelly hits you but does no damage. You block the jelly's attack.
You hit the adder.
The adder is almost dead.
You hit the jelly.
Your branches burn!
You die...

#####...# .#
........##.#
#.........#
#........♣
#......<.♣
$..##...#..~.~.~
########...##♣~P♣♣~
......†JJ..##♣♣♣♣
#...S♣......♣
.....?....####.#
.##.#####.# # #...
#####


You could see 2 jellies and an adder.

Vanquished Creatures
  A water moccasin (D:5)
  An ogre (D:3)
  A scorpion (D:4)
  A howler monkey (D:5)
  2 orc priests (D:4)
  Crazy Yiuf (D:3)
  An iguana (D:4)
  2 orc wizards (D:4)
  6 adders
  2 worms (D:2)
  5 dart slugs
  7 orcs
  3 bats
  8 endoplasms
  5 giant cockroaches
  3 goblins
  6 hobgoblins
  2 quokkas
  6 ball pythons
  4 frilled lizards
  4 kobolds
  2 rats
73 creatures vanquished.

Vanquished Creatures (others)
  2 plants (D:5)
2 creatures vanquished.

Grand Total: 75 creatures vanquished

Notes
Turn   | Place    | Note
-------+----------+-------------------------------------------
     0 | D:1      | LabCoat the Hill Orc Fighter began the quest for the Orb.
     0 | D:1      | Reached XP level 1. HP: 19/19 MP: 1/1
   298 | D:1      | Reached XP level 2. HP: 27/27 MP: 2/2
  1058 | D:2      | Reached XP level 3. HP: 33/33 MP: 3/3
  1135 | D:2      | Identified the amulet of Gusid {RegenMP rCorr Str+6 Dex-4
                  | SInv}
  1707 | D:3      | Noticed an ogre
  1715 | D:3      | Killed an ogre
  1716 | D:3      | Reached skill level 1 in Throwing
  1716 | D:3      | Reached skill level 1 in Evocations
  1716 | D:3      | Reached XP level 4. HP: 10/40 MP: 4/4
  1716 | D:3      | Reached XP level 5. HP: 12/46 MP: 5/5
  1974 | D:3      | Found an ancient bone altar of Kikubaaqudgha.
  2000 | D:3      | Found a faded altar of an unknown god.
  2386 | D:3      | Found a runed translucent door.
  2387 | D:3      | Noticed Crazy Yiuf
  2395 | D:3      | Killed Crazy Yiuf
  2603 | D:4      | Reached XP level 6. HP: 47/53 MP: 6/6
  2736 | D:4      | Reached skill level 5 in Axes
  3025 | D:4      | Found a shadowy altar of Dithmenos.
  3084 | D:4      | Found Hytaso's Magic Scroll Shop.
  3315 | D:4      | Found a basalt altar of Yredelemnul.
  3567 | D:4      | Reached XP level 7. HP: 60/60 MP: 7/7
  3719 | D:5      | Entered Level 5 of the Dungeon
  3743 | D:5      | Reached skill level 5 in Fighting
  3748 | D:5      | HP: 2/91 [acid (4)]
  3749 | D:5      | Gained mutation: You are resistant to electric shocks.
                  | (rElec) [potion of mutation]
  3749 | D:5      | Gained mutation: You occasionally lose the ability to drink
                  | potions when taking damage. [potion of mutation]
  3749 | D:5      | Gained mutation: Your body sometimes deteriorates upon
                  | taking damage. [potion of mutation]
  3751 | D:5      | Splashed by a jelly's acid

Illustrated notes

Levels and vault maps discovered:
D:1:      tarquinn_simple_flora_water_b, layout_basic
D:2:      layout_basic
D:3:      layout_rooms, mainiacjoe_overflow_tiny_flanked,
          hellmonk_ecumenical_altar_slurped_away,
          hangedman_abyss_or_decor_lesser_grid, uniq_crazy_yiuf_cottage
D:4:      layout_cave_pods, kennysheep_little_box, lemuel_doored_altar,
          serial_shops, nicolae_lakefront_shop
D:5:      layout_loops_ring, cheibriados_altar_1,
          nemelex_xobeh_ov_fountains_minmay, minmay_temple_entry_glassed_door,
          serial_shops, shop, portal_sewer_entry_b, serial_bayou_crossing

Skill      XL: |  1  2  3  4  5  6  7 |
---------------+----------------------+-----
Axes           | 3 4 5 |  5.9
Fighting       | 4 5 |  5.0
Throwing       | 1 2 |  2.3
Evocations     | 1 2 |  2.4
Shields        | 4 |  4.6
Armour         | 4 |  4.4

Action                   |  1- 3 |  4- 6 |  7- 9 || total
-------------------------+-------+-------+-------++-------
Melee: War axe           |    52 |    85 |    22 ||   159
Throw: Dart              |     6 |       |       ||     6
       Boomerang         |    17 |     7 |       ||    24
  Use: Scroll            |     7 |     2 |       ||     9
       Potion            |     1 |     1 |     3 ||     5
Armor: Scale mail        |    11 |    20 |       ||    31
       Skin              |       |    12 |    21 ||    33
       Chain mail        |       |     8 |     6 ||    14
Dodge: Dodged            |    40 |    48 |    10 ||    98
Block: Buckler           |    12 |    26 |     9 ||    47
